 Dungeon Crawl Stone Soup version 0.29-a0-297-g7659ce593d (webtiles) character file.

Game seed: 11948187984303774848

4952 Dabor the Magician (level 10, -15/47 HPs)
             Began as a Vine Stalker Transmuter on Mar 22, 2022.
             Was a Believer of Hepliaklqana.
             Demolished by an orc warlord
             ... wielding a +0 war axe
              (24 damage)
             ... in a bailey.
             The game lasted 00:18:24 (8109 turns).

Dabor the Magician (Vine Stalker Transmuter)        Turns: 8109, Time: 00:18:24

Health: -15/47     AC:  2    Str: 15    XL:     10   Next: 53%
Magic:  0/21       EV: 25    Int: 21    God:    Hepliaklqana [**....]
Gold:   591        SH:  0    Dex: 26    Spells: 12/22 levels left

rFire   . . .      SeeInvis .     - Unarmed
rCold   . . .      Faith    .   (shield currently unavailable)
rNeg    . . .      Spirit   +   (body armour currently unavailable)
rPois   x          Reflect  .   (helmet currently unavailable)
rElec   .          Harm     .   (cloak currently unavailable)
rCorr   .          Rampage  .   (gloves currently unavailable)
Will    +....                   (boots currently unavailable)
Stlth   ++........              (no amulet)
HPRegen 0.95/turn               u - +6 ring of dexterity
MPRegen 0.17/turn               v - +6 ring of intelligence

@: spider-form
A: venomous fangs, reduced essence, tiny, (fangs 3), regeneration 1, magic
shield, (antimagic bite), no potion heal 2
a: End Transformation, Renounce Religion, Recall Ancestor, Ancestor Identity


You were in a bailey.
You worshipped Hepliaklqana.
Hepliaklqana was pleased with you.
You were a venomous arachnid creature.
You visited 2 branches of the dungeon, and saw 8 of its levels.
You also visited: Bailey.

You collected 591 gold pieces.

Inventory:

Hand Weapons
 f - a +5 falchion of distortion (melded)
Missiles
 z - a throwing net
 B - 15 poisoned darts
Armour
 a - a +1 robe (melded)
 m - a +0 pair of gloves (melded)
 r - a +2 chain mail of cold resistance
 C - a +2 pair of boots (melded)
Jewellery
 d - a ring of poison resistance
 e - an amulet of faith
 j - a ring of protection from cold
 k - a ring of protection from fire
 n - a ring of see invisible
 t - a ring of protection from cold
 u - a +6 ring of dexterity (left front leg)
 v - a +6 ring of intelligence (right front leg)
 y - a ring of positive energy
 F - a ring of positive energy
Wands
 b - a wand of iceblast (8)
 s - a wand of acid (7)
Scrolls
 o - a scroll of amnesia
 q - 2 scrolls of enchant weapon
 E - a scroll of identify
 G - a scroll of blinking
 J - a scroll of enchant armour
Potions
 c - 5 potions of curing
 g - 2 potions of degeneration {unknown}
 h - 5 potions of heal wounds {unknown}
 i - a potion of haste {unknown}
 l - 4 potions of might {unknown}
 p - 2 potions of flight {unknown}
 A - a potion of berserk rage {unknown}
 D - a potion of cancellation {unknown}
 H - 2 potions of magic {unknown}
 I - a potion of invisibility {unknown}


   Skills:
 * Level 5.6 Fighting
 * Level 5.6 Dodging
 + Level 5.7 Unarmed Combat
 * Level 6.8 Spellcasting
 * Level 6.6 Transmutations
 + Level 3.4 Poison Magic
 + Level 3.1 Invocations
 + Level 3.5 Evocations


You had 12 spell levels left.
You knew the following spells:

 Your Spells              Type           Power      Damage    Failure   Level
a - Beastly Appendage     Tmut           70%        N/A       3%          1
b - Wereblood             Tmut           35%        N/A       4%          2
c - Spider Form           Tmut/Pois      28%        N/A       11%         3
d - Olgreb's Toxic Radia  Pois           21%        N/A       43%         4

Your spell library contained the following spells:

 Spells                   Type           Power      Damage    Failure   Level
 Sting                    Tmut/Pois      100%       1d8       5%          1
 Poisonous Vapours        Pois/Air       28%        N/A       19%         2
 Ice Form                 Ice/Tmut       21%        N/A       43%         4
 Call Canine Familiar     Summ           7%         N/A       47%         3
 Portal Projectile        Hex/Tloc       14%        N/A       47%         3
 Leda's Liquefaction      Hex/Erth       3%         N/A       83%         4


Dungeon Overview and Level Annotations

Branches:
Dungeon (7/15)             Temple (1/1) D:4          Bailey (1/1)

Altars:
Ashenzari
Elyvilon
Fedhas
Gozag
Hepliaklqana
Kikubaaqudgha
Makhleb
Nemelex Xobeh
Qazlal
Ru
Sif Muna
Trog
Uskayaw
Vehumet
Wu Jian
Zin
The Shining One

Shops:
D:2 *


Innate Abilities, Weirdness & Mutations

You are a venomous arachnid creature.
You have poisonous fangs.
You are tiny and dextrous.
Your spellcasting is less reliable in this form.
Your armour is entirely melded.
You are incapable of wielding weapons or throwing items.
Your life essence is reduced to manifest your ancestor. (-10% HP)
((You have razor-sharp teeth.))
Your natural rate of healing is unusually fast.
When hurt, damage is shared between your health and your magic reserves.
((Your bite disrupts and absorbs the magic of your enemies.))
Potions cannot restore your health.


Message History

Your orc wizard dies!
Your orc wizard's corpse dissolves into shadows!
The orc warlord hits your orc warrior with a +0 war axe!!
The orc warlord hits your orc warrior with a +0 war axe!
Your orc warrior dies!
Your orc warrior's corpse dissolves into shadows!
Your orc warrior hits the orc warlord with a +0 hand axe.
Your orc barely misses the orc warlord.
Your orc warrior hits the orc warlord with a +0 hand axe!!
Okay, then.
As you read the scroll of summoning, it crumbles to dust.
Wisps of shadow whirl around you... What are your orders? t - Hiss!
Orders for allies: a - Attack new target. p - Attack previous target. r - Retreat! s - Stop attacking. g - Guard the area. f - Follow me.
Anything else - Cancel.
Gang up on whom?
Press: ? - help, Dir - move target, f/p - orc warlord
Aim: an orc warlord, wielding a +0 war axe and wearing a +0 ring mail (severely wounded, very poisoned, lightly drained, ally target) Attack!
The orc warlord hits you with a +0 war axe!
* * * LOW HITPOINT WARNING * * *
The orc warlord hits your gnoll with a +0 war axe!
Your gnoll dies!
Your gnoll's corpse dissolves into shadows!
The orc warlord hits your orc with a +0 war axe!
Your orc dies!
Your orc's corpse dissolves into shadows!
The orc warlord hits your gnoll with a +0 war axe!
Your gnoll dies!
Your gnoll's corpse dissolves into shadows!
Your gnoll hits the orc warlord but does no damage.
Your gnoll hits the orc warlord from afar with a +0 spear.
You barely miss the orc warlord.
The orc warlord is severely wounded.
The orc warlord hits you with a +0 war axe!!
Ouch! That really hurt!
You die...

##.....##.......##.....##
#...8...##≈≈≈≈≈##.......##
.........#≈(≈≈≈#...8..8..##
.........#≈)≈≈≈#.....)....#
.8..8....'.().)'..........#
.......#########......8...#
......##≈≈≈#≈≈≈####......##
#.....#≈=.....≈#≈≈#...(.##
##....#≈!...g..gs≈#....##
.#....##8.8...8o8g##(..#
().....#......ooo≈o)...#
.'.....#....∩..g.≈≈o...#
.'(....#.........≈≈'...#
.#....##8.8...8.8≈##...#
##((..#≈!........≈#....##
#.....#≈|.....≈#≈≈#.....##
......##≈≈≈#≈≈≈####......##


You could see an orc warlord (very poisoned, drained, ally target), 2 friendly
orc warriors, a friendly orc priest (summoned), 4 friendly gnolls and 2 friendly
orcs.

Vanquished Creatures
  The ghost of Ignak the Skirmisher, a novice OgWr (D:5)
  Pikel (D:4)
  The ghost of ouz the Skirmisher, a novice VSBr (D:5)
  Eustachio (D:4)
  A steam dragon (D:6)
  Menkaure (D:4)
  2 water moccasins
  4 orc warriors
  A sky beast (D:7)
  3 black bears
  An ogre (D:6)
  3 centaurs
  2 phantoms
  A kobold brigand (D:6)
  Blork the orc (D:6)
  2 necrophages (D:7)
  3 scorpions
  6 killer bees (D:6)
  2 howler monkeys
  5 hounds
  2 gnoll shamans (D:7)
  A jelly (D:6)
  Jessica (D:2)
  Ijyb (D:5)
  Terence (D:2)
  An iguana (D:4)
  2 orc wizards
  Robin (D:2)
  10 gnolls
  7 adders
  A white imp (D:6)
  2 ufetubi
  4 worms
  2 dart slugs
  18 orcs
  8 ball pythons
  9 endoplasms
  2 giant cockroaches (D:1)
  9 hobgoblins
  18 kobolds
  4 quokkas
  11 bats
  7 frilled lizards
  24 goblins
  7 rats
195 creatures vanquished.

Vanquished Creatures (collateral kills)
  3 gnolls
  A goblin (D:7)
  A kobold (Bailey)
5 creatures vanquished.

Vanquished Creatures (others)
  A hexer (Bailey)
  2 fungi (D:4)
  4 toadstools (D:4)
  4 withered plants (D:5)
11 creatures vanquished.

Grand Total: 211 creatures vanquished

Notes
Turn   | Place    | Note
-------+----------+-------------------------------------------
     0 | D:1      | Dabor the Vine Stalker Transmuter began the quest for the
                  | Orb.
     0 | D:1      | Reached XP level 1. HP: 9/9 MP: 4/4
   160 | D:1      | Reached skill level 1 in Fighting
   467 | D:1      | Reached XP level 2. HP: 14/14 MP: 6/6
   725 | D:1      | Learned a level 2 spell: Wereblood
  1068 | D:1      | Reached XP level 3. HP: 14/18 MP: 3/7
  1523 | D:2      | Noticed Jessica
  1530 | D:2      | Killed Jessica
  1531 | D:2      | Gained mutation: Your natural rate of healing is unusually
                  | fast. [Vine Stalker growth]
  1531 | D:2      | Reached XP level 4. HP: 22/22 MP: 4/9
  1755 | D:2      | Identified the +3 helmet of Suvy {rPois}
  1755 | D:2      | Noticed Robin
  1861 | D:2      | Killed Robin
  1931 | D:2      | Found Vaucod's General Store.
  1938 | D:2      | Reached XP level 5. HP: 26/26 MP: 8/10
  1954 | D:2      | Noticed Terence
  1964 | D:2      | Killed Terence
  2419 | D:3      | Found a glowing golden altar of the Shining One.
  2800 | D:3      | Found a blossoming altar of Fedhas.
  2821 | D:3      | Found a stormy altar of Qazlal.
  3080 | D:3      | Learned a level 3 spell: Spider Form
  3328 | D:4      | Reached XP level 6. HP: 30/30 MP: 12/12
  3346 | D:4      | HP: 1/31 [centaur/arrow (8)]
  3638 | D:4      | Reached skill level 1 in Poison Magic
  3645 | D:4      | Reached skill level 1 in Evocations
  3645 | D:4      | Reached XP level 7. HP: 35/35 MP: 13/13
  3744 | D:4      | Noticed Pikel
  3773 | D:4      | Killed Pikel
  3774 | D:4      | Gained mutation: You have razor-sharp teeth. [Vine Stalker
                  | growth]
  3774 | D:4      | Reached XP level 8. HP: 7/40 MP: 1/15
  4112 | D:4      | Found a bloodstained altar of Trog.
  4115 | D:4      | Found a sparkling altar of Nemelex Xobeh.
  4165 | D:4      | Found a staircase to the Ecumenical Temple.
  4189 | D:4      | Noticed Menkaure
  4199 | Temple   | Entered the Ecumenical Temple
  4546 | Temple   | Became a worshipper of Hepliaklqana the Forgotten
  4643 | D:4      | Killed Menkaure
  4796 | D:4      | Noticed Eustachio
  4824 | D:4      | Killed Eustachio
  5093 | D:5      | Entered Level 5 of the Dungeon
  5100 | D:5      | Noticed Ijyb
  5102 | D:5      | Reached skill level 5 in Spellcasting
  5102 | D:5      | Reached skill level 1 in Invocations
  5110 | D:5      | Killed Ijyb
  5295 | D:5      | Reached XP level 9. HP: 45/45 MP: 17/17
  5685 | D:5      | Found a runed translucent gate.
  5685 | D:5      | Found a runed translucent gate.
  5685 | D:5      | Found a runed translucent gate.
  5690 | D:5      | Noticed ouz's ghost (novice VSBr)
  5690 | D:5      | Noticed Ignak's ghost (novice OgWr)
  5784 | D:5      | Reached skill level 5 in Transmutations
  6207 | D:5      | Killed ouz's ghost
  6208 | D:5      | Reached skill level 5 in Unarmed Combat
  6395 | D:5      | Killed Ignak's ghost
  6635 | D:6      | Reached skill level 5 in Fighting
  6724 | D:6      | Reached skill level 5 in Dodging
  6736 | D:6      | Found a white marble altar of Elyvilon.
  6905 | D:6      | Learned a level 4 spell: Olgreb's Toxic Radiance
  6937 | D:6      | Reached XP level 10. HP: 51/51 MP: 20/20
  7234 | D:6      | Noticed Blork the orc
  7238 | D:6      | Killed Blork the orc
  7243 | D:6      | Reached * piety under Hepliaklqana
  7840 | D:7      | Reached ** piety under Hepliaklqana
  7841 | D:7      | Remembered your ancestor Manelesi as a hexer
  7854 | D:7      | Found a flagged portal.
  7861 | Bailey   | Entered a bailey
  7881 | Bailey   | Noticed an orc warlord
  7932 | Bailey   | Found a runed translucent gate.
  7933 | Bailey   | Found a runed translucent gate.
  7934 | Bailey   | Found a runed translucent gate.
  8109 | Bailey   | Demolished by an orc warlord

Illustrated notes

Levels and vault maps discovered:
D:1:      sevenhm_arrival_forest_fort_large_1, layout_loops_ring,
          grunt_decor_junction, kennysheep_flooded_box
D:2:      layout_rooms, serial_shops, nicolae_shop_stone,
          hangedman_abyss_or_decor_lesser_grid, uniq_terence, uniq_robin,
          uniq_jessica
D:3:      layout_loops_ring, grunt_temple_overflow_forces_of_nature,
          mainiacjoe_overflow_tiny_flanked
D:4:      layout_gridville, nicolae_overflow_squiral,
          minmay_temple_entry_slanted, minmay_gold_behind_fungi,
          nzn_random_ring, uniq_eustachio, uniq_menkaure, uniq_pikel
D:5:      layout_layer_cave, gammafunk_ghost_cemetery,
          kennysheep_generic_room_8, uniq_ijyb
D:6:      layout_basic, kennysheep_little_box, minivault_4,
          palyth_stone_intersect, hangedman_minor_gate_pass, uniq_blork_the_orc
D:7:      layout_cave_pools, enter_bailey_3, serial_bayou_pond_e
Temple:   minmay_temple_curvy_loop
Bailey:   bailey_axe_bossmonster_kennysheep, bailey

Skill      XL: |  1  2  3  4  5  6  7  8  9 10 |
---------------+-------------------------------+-----
Fighting       | 1 2 3 4 5 |  5.6
Dodging        | 2 3 4 5 |  5.6
Spellcasting   | 3 4 5 6 |  6.8
Transmutations | 3 4 6 |  6.6
Unarmed Combat | 4 5 |  5.7
Poison Magic   | 1 2 3 |  3.4
Evocations     | 1 2 3 |  3.5
Invocations    | 1 2 3 |  3.1

Action                   |  1- 3 |  4- 6 |  7- 9 | 10-12 || total
-------------------------+-------+-------+-------+-------++-------
Melee: Unarmed           |    79 |   199 |    72 |     7 ||   357
       Bite              |    18 |    43 |    38 |    24 ||   123
       Kick              |     3 |    22 |    27 |    16 ||    68
       Headbutt          |     2 |    18 |    15 |     8 ||    43
       Punch             |       |     5 |     6 |     4 ||    15
       Falchion          |       |       |    74 |    90 ||   164
Throw: Dart              |       |       |    12 |       ||    12
 Cast: Beastly Appendage |     4 |    13 |    20 |    12 ||    49
       Wereblood         |     1 |     9 |     9 |    10 ||    29
       Spider Form       |       |       |     2 |     1 ||     3
Invok: Ancestor Life: He |       |       |       |     1 ||     1
  Use: Scroll            |     3 |     5 |     1 |     8 ||    17
       Potion            |       |       |     1 |       ||     1
 Stab: Sleeping          |       |       |     4 |     2 ||     6
       Distracted        |       |       |     1 |       ||     1
Armor: Robe              |    26 |    50 |    20 |    21 ||   117
       Skin              |       |       |     6 |       ||     6
Dodge: Dodged            |    52 |   143 |    77 |    90 ||   362

Table legend: (Time is in decaauts)
 A = Elapsed time spent in this place.
 B = Non-inter-level travel time spent in this place.
 C = Inter-level travel time spent in this place.
 D = Time resting spent in this place.
 E = Time spent auto-exploring this place.
 F = Levels seen in this place.
 G = Mean time per level.
                   A        B        C        D        E       F      G
               +--------+--------+--------+--------+--------+-----+--------+
         Total |   8137 |   7663 |    474 |    561 |   5182 |   9 |  904.1 |
       Dungeon |   7514 |   7188 |    326 |    537 |   4964 |   7 | 1073.4 |
        Temple |    364 |    216 |    148 |      0 |    192 |   1 |  364.0 |
        Bailey |    258 |    258 |      0 |     24 |     26 |   1 |  258.0 |
               +--------+--------+--------+--------+--------+-----+--------+

Top non-repeatable levels by time:
     D:1: 1522 daAuts
     D:5: 1449 daAuts
     D:4: 1329 daAuts
     D:3: 1052 daAuts
     D:6: 990 daAuts
     D:2: 803 daAuts
     D:7: 367 daAuts
  Temple: 364 daAuts
  Bailey: 258 daAuts
